 Dungeon Crawl Stone Soup version 0.28.0-53-g5a82cb258f (webtiles) character file.

Game seed: 8002798546631938017

30 DildoBatman the Conjurer (level 3, -2/23 (24) HPs)
             Began as a Formicid Conjurer on June 18, 2022.
             Killed by nerve-wracking pain
             ... invoked by Jessica
              (11 damage)
             ... on level 1 of the Dungeon.
             The game lasted 00:02:44 (1555 turns).

DildoBatman the Conjurer (Formicid Conjurer)        Turns: 1555, Time: 00:02:44

HP:   -2/23 (24)    AC:  2    Str: 11    XL:     3   Next: 35%
MP:   6/6           EV: 12    Int: 17    God:
Gold: 89            SH:  0    Dex: 11    Spells: 3/6 levels left

rFire   . . .      SeeInvis +   h - +1 whip (drain)
rCold   . . .      Faith    .   (no shield)
rNeg    . . .      Spirit   .   a - +0 robe
rPois   .          Reflect  .   (helmet unavailable)
rElec   .          Harm     .   (no cloak)
rCorr   .          Rampage  .   (no gloves)
Will    .....                   (no boots)
Stlth   ++........              (no amulet)
HPRegen 0.07/turn               (no ring)
MPRegen 0.10/turn               (no ring)

@: lightly drained
A: permanent stasis, dig shafts and tunnels, antennae 3, four strong arms
a: Dig, Shaft Self


You were on level 1 of the Dungeon.
You visited 1 branch of the dungeon, and saw 2 of its levels.

You collected 89 gold pieces.

Inventory:

Hand Weapons
 h - a +1 whip of draining (weapon)
Missiles
 b - 43 stones (quivered)
 e - 25 bolts
 f - 49 sling bullets
Armour
 a - a +0 robe (worn)
Scrolls
 c - a scroll of magic mapping {unknown}
 d - a scroll of immolation {unknown}
 g - a scroll of blinking {unknown}
 j - a scroll of noise {unknown}
Potions
 i - 2 potions of lignification {unknown}


   Skills:
 - Level 1.7 Dodging
 - Level 2.4 Stealth
 - Level 2.1 Spellcasting
 * Level 4.5 Conjurations


You had 3 spell levels left.
You knew the following spells:

 Your Spells              Type           Power      Damage    Failure   Level
a - Searing Ray           Conj           34%        2d5       4%          2
c - Magic Dart            Conj           68%        1d6       3%          1

Your spell library contained the following spells:

 Spells                   Type           Power      Damage    Failure   Level
 Dazzling Flash           Conj/Hex       18%        N/A       22%         3
 Fulminant Prism          Conj/Hex       4%         3d6       58%         4
 Iskenderun's Mystic Bla  Conj/Tloc      9%         2d4       58%         4


Dungeon Overview and Level Annotations

Branches:
Dungeon (2/15)

Altars:
Kikubaaqudgha

Shops:
D:1 [

Annotations:
D:1 Jessica


Innate Abilities, Weirdness & Mutations

You cannot be hasted, slowed, berserked, paralysed or teleported.
You can dig through walls and to a lower floor.
You have a pair of large antennae on your head. (SInv)
Your four strong arms can wield two-handed weapons with a shield.


Message History

Jessica shouts!
Jessica mumbles some strange words.
Jessica blinks!
Jessica grins evilly.
Jessica shouts, "I don't like beings like you!"
Jessica casts a spell at you. Pain shoots through your body!
There is an open door here.
Jessica shouts, "You're disturbing me!
I'll have to kill you!"
You extend your mandibles.
You dig through the rock wall.
You feel drained.
You retract your mandibles.
There is an open door here.
There is a stone staircase leading up here.
Unknown command.
Jessica gestures wildly while chanting.
Jessica blinks!
You start resting.
Jessica is nearby!
Jessica casts a spell at you. Pain shoots through your body!
You climb upwards.
There is a stone staircase leading down here.
You start resting.
HP restored.
You climb downwards.
Level annotation: Jessica Jessica grins evilly.
Jessica closely misses you.
There is a stone staircase leading up here.
Jessica casts a spell at you. Pain shoots through your body!
Ouch! That really hurt!
You climb upwards.
There is a stone staircase leading down here.
There is a stone staircase leading down here.
Jessica gestures at you while chanting. Pain shoots through your body!
You die...

##################
.....[...........#
..##############.#
.............###.#
...##..........#.#
......######.#.#.#
......# #.#.#.#
......# #.#.#.#
......# #.#.#@##
......#
#....#.########
......#
#..@..#.......#
......#
#....#.######.#
....#.# #.#.#.##
#.# ###.#.# #.###.#
#.# #.#.# #.# #.#
#.# #.#.# #.# #.#
#.#
###.#.######.###.##
#.#


You could see Jessica.

Vanquished Creatures
  A worm (D:2)
  A dart slug (D:2)
  A bat (D:2)
  3 endoplasms (D:1)
  2 goblins
  2 hobgoblins
  2 quokkas
  4 ball pythons
  3 frilled lizards
  4 kobolds
23 creatures vanquished.

Vanquished Creatures (others)
  2 plants (D:1)
2 creatures vanquished.

Grand Total: 25 creatures vanquished

Notes
Turn   | Place    | Note
-------+----------+-------------------------------------------
     0 | D:1      | DildoBatman the Formicid Conjurer began the quest for the
                  | Orb.
     0 | D:1      | Reached XP level 1. HP: 13/13 MP: 3/3
    25 | D:1      | Found Mulani Laup's Antique Armour Boutique.
   353 | D:1      | Reached XP level 2. HP: 8/19 MP: 3/5
   361 | D:1      | Reached skill level 4 in Conjurations
   424 | D:1      | Learned a level 2 spell: Searing Ray
   897 | D:2      | Reached XP level 3. HP: 24/24 MP: 1/6
   982 | D:2      | Found a faded altar of an unknown god.
  1284 | D:2      | Found an ancient bone altar of Kikubaaqudgha.
  1357 | D:2      | Noticed Jessica
  1555 | D:1      | Killed from afar by Jessica

Illustrated notes

Levels and vault maps discovered:
D:1:      tarquinn_simple_flora_water_a, layout_loops_ring, serial_shops,
          shop_fountains
D:2:      layout_basic, basic_altar, hellmonk_ecumenical_altar_arch_garden,
          uniq_jessica

Skill      XL: |  1  2 |
---------------+-------+-----
Conjurations   | 4 |  4.5
Dodging        | |  1.7
Stealth        | |  2.4
Spellcasting   | |  2.1

Action                   || total
-------------------------++-------
Melee: Unarmed           ||     9
       Short sword       ||     6
       Whip              ||     2
Throw: Stone             ||     1
 Cast: Magic Dart        ||    35
       Searing Ray       ||     3
 Abil: Dig               ||     1
 Stab: Sleeping          ||     2
Armor: Robe              ||     1
Dodge: Dodged            ||    11
